 Dungeon Crawl Stone Soup version 0.29.0-4-gdea44cf6ec (webtiles) character file.

Game seed: 17110718877431912229

5817 qw the Severer (level 10, -2/91 HPs)
             Began as a Minotaur Fighter on Sept 5, 2022.
             Was a Believer of Ru.
             Slain by a skeletal warrior
             ... wielding a +0 flail
              (14 damage)
             ... on level 9 of the Dungeon.
             The game lasted 00:02:59 (8928 turns).

qw the Severer (Minotaur Fighter)                   Turns: 8928, Time: 00:02:59

Health: -2/91      AC: 13    Str: 24    XL:     10   Next: 51%
Magic:  9/9        EV: 10    Int:  5    God:    Ru [**....]
Gold:   534        SH:  5    Dex: 11    Spells: 9/9 levels left

rFire   . . .      SeeInvis .   Y - +0 war axe
rCold   . . .      Faith    .   c - +0 buckler
rNeg    . . .      Spirit   .   b - +0 scale mail
rPois   .          Reflect  .   (helmet restricted)
rElec   .          Harm     .   (no cloak)
rCorr   .          Rampage  .   p - +1 pair of gloves "Efepah" {Slay+6}
Will    .....                   e - +2 pair of boots
Stlth   ..........              (no amulet)
HPRegen 0.25/turn               (no ring)
MPRegen 0.11/turn               (no ring)

@: about to teleport
A: horns 2, inability to use devices, retaliatory headbutt
a: Renounce Religion


You were on level 9 of the Dungeon.
You worshipped Ru.
Ru was pleased with you.
You visited 2 branches of the dungeon, and saw 10 of its levels.

You collected 594 gold pieces.
You spent 60 gold pieces at shops.


Innate Abilities, Weirdness & Mutations

You have a pair of horns on your head.
You cannot study or use magical devices.
You reflexively headbutt those who attack you in melee.


   Skills:
 - Level 9.0 Fighting
 + Level 15.3 Axes
 - Level 6.2 Armour
 - Level 3.0 Dodging
 - Level 5.2 Shields


You had 9 spell levels left.
You didn't know any spells.
Your spell library was empty.

Inventory:

Hand Weapons
 q - a +0 morningstar
 Y - a +0 war axe (weapon)
Armour
 b - a +0 scale mail (worn)
 c - a +0 buckler (worn)
 e - a +2 pair of boots (worn)
 g - a +1 leather armour of fire resistance
 m - a +0 plate armour
 p - the +1 pair of gloves "Efepah" (worn) {Slay+6}
   (You found it on level 3 of the Dungeon)

   Slay:      It affects your accuracy & damage with ranged weapons and melee
   (+6).
Scrolls
 a - a scroll of identify
 j - a scroll of teleportation
Potions
 d - 4 potions of might
 f - a potion of cancellation
 h - a potion of invisibility {unknown}
 i - a potion of haste
 k - 5 potions of curing
 l - a potion of resistance
 o - a potion of mutation {unknown}

Dungeon Overview and Level Annotations

Branches:
Dungeon (9/15)             Temple (1/1) D:4            Lair (0/5) D:8
    Orc: D:9-12

Altars:
Ashenzari
Cheibriados
Dithmenos
Fedhas
Gozag
Hepliaklqana
Makhleb
Nemelex Xobeh
Okawaru
Qazlal
Ru
Sif Muna
Trog
Vehumet
Wu Jian
Xom
Yredelemnul
Zin

Shops:
D:2 *   D:6 =

Annotations:
D:3 1 runed translucent door, Crazy Yiuf


Message History

The kobold brigand is severely wounded.
The kobold brigand hits you but does no damage.
You hit the kobold brigand but do no damage.
The kobold brigand is severely wounded.
You block the kobold brigand's attack.
You hit the kobold brigand.
The kobold brigand is almost dead.
The kobold brigand hits you but does no damage.
You closely miss the kobold brigand.
Your headbutt misses the kobold brigand.
The kobold brigand is almost dead.
You slash the kobold brigand!
You kill the kobold brigand!
The howler monkey begins to attack, but is stunned by your conviction!
You hit the skeletal warrior but do no damage.
You headbutt the skeletal warrior!
The skeletal warrior is moderately damaged.
The skeletal warrior hits you with a +0 flail.
You hit the skeletal warrior but do no damage.
Your headbutt misses the skeletal warrior.
The skeletal warrior is moderately damaged.
The howler monkey hoots and howls with incredible vigour!
You slash the skeletal warrior!
The skeletal warrior is heavily damaged.
The howler monkey begins to attack, but is stunned by your conviction!
The skeletal warrior hits you with a +0 flail!
You hit the skeletal warrior. You headbutt the skeletal warrior!
The skeletal warrior is severely damaged.
The skeletal warrior hits you with a +0 flail!
8927 ||| READING 2 scrolls of teleportation.
As you read the scroll of teleportation, it crumbles to dust.
You feel strangely unstable.
The howler monkey hoots and howls with incredible vigour!
The skeletal warrior hits you with a +0 flail.
You hear a shout!
You slash the skeletal warrior!
You headbutt the skeletal warrior, but do no damage.
The skeletal warrior is almost destroyed.
The skeletal warrior hits you with a +0 flail!
You die...

#.# #.# ## #.# ### #. ######'##
..# #. #........ ##.# #.
#........ ..# #. #######........
####.# ######.####.....'.......>
...#.####.....zz@...#####........
.#.#.)....####K###### #........
.#.?)###### #h. ###'##### ....##
#'# #..#### ...).# K. ##.....
.....# .h. #####. .....# ..K
#######. .....# #... #.......
.....# ........


You could see 2 skeletal warriors, a howler monkey (catching breath) and a
kobold.

Vanquished Creatures
  A two-headed ogre (D:9)
  A skeletal warrior (D:9)
  A hornet (D:9)
  Grinder (D:5)
  A wyvern (D:9)
  4 yaks (D:8)
  Menkaure (D:4)
  2 steam dragons (D:8)
  Edmund (D:4)
  A water moccasin (D:8)
  Duvessa (D:4)
  An ice beast (D:7)
  An orc warrior (D:9)
  A black bear (D:4)
  A sky beast (D:6)
  4 ogres
  A centaur (D:9)
  3 phantoms
  3 kobold brigands
  2 bullfrogs (D:8)
  2 scorpions (D:5)
  3 necrophages
  Dowan (D:4)
  2 howler monkeys (D:9)
  3 jellies
  3 hounds
  A gnoll bouda (D:8)
  3 orc priests
  Ijyb (D:5)
  10 iguanas
  Natasha (thrice) (D:4)
  7 orc wizards
  9 gnolls
  8 adders
  2 white imps (D:7)
  2 ufetubi
  A worm (D:4)
  5 dart slugs
  19 orcs
  8 bats
  8 endoplasms
  7 giant cockroaches
  6 goblins
  6 hobgoblins
  8 jackals
  4 quokkas
  7 ball pythons
  4 frilled lizards
  13 kobolds
  5 rats
193 creatures vanquished.

Vanquished Creatures (others)
  A gnoll (D:8)
  3 fungi (D:3)
4 creatures vanquished.

Grand Total: 197 creatures vanquished

Notes
Turn   | Place    | Note
-------+----------+-------------------------------------------
     0 | D:1      | qw the Minotaur Fighter began the quest for the Orb.
     0 | D:1      | Reached XP level 1. HP: 19/19 MP: 0/0
     0 | D:1      | 0 ||| qw: Version: 0.1-a-104-g96f76f8
     0 | D:1      | 0 ||| qw: Game counter: 5830
     0 | D:1      | 0 ||| qw: Always use a shield: true
     0 | D:1      | 0 ||| qw: God list: Ru
     0 | D:1      | 0 ||| qw: Allow faded altars: false
     0 | D:1      | 0 ||| qw: Do Orc after D:15 true
     0 | D:1      | 0 ||| qw: Do second Lair branch before Depths: true
     0 | D:1      | 0 ||| qw: Lair rune preference: random
     0 | D:1      | 0 ||| qw: Plans: Normal
     0 | D:1      | 0 ||| PLANNING D:1-11
   549 | D:1      | Found a faded altar of an unknown god.
   555 | D:1      | Reached skill level 3 in Axes
   660 | D:1      | 660 ||| Stepping ~*~*~tactically~*~*~ (hiding).
   669 | D:1      | Reached XP level 2. HP: 24/26 MP: 1/1
   969 | D:1      | 969 ||| UPGRADING to +0 pair of gloves.
   974 | D:1      | 974 ||| READING 2 scrolls labelled NEHATI OWILER.
   975 | D:1      | 975 ||| READING scroll labelled LUXTOL LAUMIOV.
  1005 | D:2      | Reached skill level 4 in Axes
  1111 | D:2      | Reached XP level 3. HP: 31/31 MP: 2/2
  1112 | D:2      | 1112 ||| Stepping ~*~*~tactically~*~*~ (hiding).
  1232 | D:2      | Found Teur's Assorted Antiques.
  1245 | D:2      | 1245 ||| BUYING bubbling grey potion (20 gold).
  1245 | D:2      | Bought a bubbling grey potion for 20 gold pieces
  1245 | D:2      | 1245 ||| SHOPLISTING dented citrine amulet (115 gold, have
                  | 54).
  1245 | D:2      | 1245 ||| SHOPLISTING embroidered cloak (172 gold, have 54).
  1245 | D:2      | 1245 ||| SHOPLISTING potion of might (92 gold, have 54).
  1245 | D:2      | 1245 ||| BUYING purple potion (20 gold).
  1245 | D:2      | Bought a purple potion for 20 gold pieces
  1245 | D:2      | 1245 ||| BUYING purple potion (20 gold).
  1245 | D:2      | Bought a purple potion for 20 gold pieces
  1245 | D:2      | 1245 ||| SHOPLISTING scroll labelled DUPHEM OMOUSCHE (23
                  | gold, have 14).
  1245 | D:2      | 1245 ||| SHOPLISTING scroll labelled OTINAT WINAE (23 gold,
                  | have 14).
  1261 | D:2      | 1261 ||| Stepping ~*~*~tactically~*~*~ (stealth).
  1268 | D:2      | 1268 ||| Stepping ~*~*~tactically~*~*~ (stealth).
  1280 | D:2      | 1280 ||| Stepping ~*~*~tactically~*~*~ (hiding).
  1399 | D:2      | Reached skill level 5 in Axes
  1548 | D:2      | 1548 ||| Stepping ~*~*~tactically~*~*~ (stealth).
  1550 | D:2      | 1550 ||| Stepping ~*~*~tactically~*~*~ (stealth).
  1555 | D:2      | Reached skill level 1 in Dodging
  1560 | D:2      | Reached XP level 4. HP: 39/39 MP: 3/3
  1812 | D:2      | 1812 ||| DRINKING 2 purple potions.
  1813 | D:2      | 1813 ||| DROPPING potion of flight.
  1931 | D:3      | 1931 ||| DROPPING +0 club.
  2577 | D:3      | 2577 ||| FLEEEEING.
  2580 | D:3      | 2580 ||| STAIRDANCE
  2639 | D:2      | 2639 ||| READING scroll labelled RALESECZODONG.
  2640 | D:2      | 2640 ||| READING 2 scrolls of identify.
  2640 | D:2      | 2640 ||| IDENTIFYING metallic coppery potion
  2712 | D:3      | Found a runed translucent door.
  2713 | D:3      | Noticed Crazy Yiuf
  2756 | D:3      | Identified the +1 pair of gloves "Efepah" {Slay+6}
  2803 | D:3      | Reached skill level 6 in Axes
  2808 | D:3      | 2808 ||| DRINKING potion of curing.
  2808 | D:3      | 2808 ||| (to cure confusion)
  2810 | D:3      | Reached XP level 5. HP: 45/45 MP: 4/4
  2930 | D:3      | 2930 ||| UPGRADING to +1 pair of gloves "Efepah" {Slay+6}.
  2940 | D:3      | 2940 ||| DROPPING +0 pair of gloves.
  2941 | D:3      | 2941 ||| READING scroll labelled GOCEG CAIFUOPH.
  3044 | D:4      | 3044 ||| Stepping ~*~*~tactically~*~*~ (stealth).
  3046 | D:4      | 3046 ||| Stepping ~*~*~tactically~*~*~ (stealth).
  3079 | D:4      | Reached skill level 7 in Axes
  3087 | D:4      | Found a staircase to the Ecumenical Temple.
  3090 | D:4      | 3090 ||| Stepping ~*~*~tactically~*~*~ (stealth).
  3093 | D:4      | 3093 ||| PLANNING TEMPLE
  3094 | D:4      | 3094 ||| Stepping ~*~*~tactically~*~*~ (stealth).
  3111 | D:4      | 3111 ||| Stepping randomly (stuck).
  3204 | D:4      | 3204 ||| DROPPING +0 pair of gloves of hurling.
  3205 | D:4      | 3205 ||| READING 2 scrolls labelled OTINAT WINAE.
  3240 | Temple   | Entered the Ecumenical Temple
  3350 | Temple   | 3350 ||| PLANNING D:1-11
  3442 | D:4      | Noticed Menkaure
  3445 | D:4      | Killed Menkaure
  3446 | D:4      | Reached skill level 8 in Axes
  3446 | D:4      | Reached XP level 6. HP: 23/52 MP: 5/5
  3823 | D:4      | Noticed Natasha
  3824 | D:4      | Killed Natasha
  3831 | D:4      | Found a sacrificial altar of Ru.
  3838 | D:4      | Noticed Duvessa
  3838 | D:4      | Noticed Dowan
  3845 | D:4      | Killed Duvessa
  3852 | D:4      | Killed Dowan
  3853 | D:4      | Reached skill level 9 in Axes
  3853 | D:4      | Reached XP level 7. HP: 23/59 MP: 6/6
  4051 | D:4      | Became a worshipper of Ru the Awakened
  4195 | D:4      | Found a hazy altar of Hepliaklqana.
  4195 | D:4      | Found a bloodstained altar of Trog.
  4248 | D:4      | 4248 ||| Stepping ~*~*~tactically~*~*~ (stealth).
  4249 | D:4      | 4249 ||| Stepping ~*~*~tactically~*~*~ (stealth).
  4253 | D:4      | 4253 ||| Stepping ~*~*~tactically~*~*~ (stealth).
  4254 | D:4      | 4254 ||| Stepping ~*~*~tactically~*~*~ (stealth).
  4255 | D:4      | 4255 ||| Stepping ~*~*~tactically~*~*~ (stealth).
  4315 | D:4      | Noticed Natasha
  4316 | D:4      | 4316 ||| Stepping ~*~*~tactically~*~*~ (hiding).
  4320 | D:4      | Killed Natasha
  4408 | D:4      | Noticed Natasha
  4409 | D:4      | 4409 ||| DRINKING 2 white potions.
  4411 | D:4      | 4411 ||| Stepping ~*~*~tactically~*~*~ (hiding).
  4414 | D:4      | Killed Natasha
  4594 | D:4      | Noticed Edmund
  4596 | D:4      | 4596 ||| FLEEEEING.
  4597 | D:4      | 4597 ||| FLEEEEING.
  4598 | D:4      | 4598 ||| Stepping ~*~*~tactically~*~*~ (hiding).
  4611 | D:4      | Killed Edmund
  4789 | D:4      | 4789 ||| READING 2 scrolls labelled DUPHEM OMOUSCHE.
  4790 | D:4      | 4790 ||| DRINKING 2 green potions.
  4791 | D:4      | 4791 ||| READING 3 scrolls of identify.
  4791 | D:4      | 4791 ||| IDENTIFYING bubbling grey potion
  4792 | D:4      | 4792 ||| READING 2 scrolls of identify.
  4792 | D:4      | 4792 ||| IDENTIFYING dark potion
  4793 | D:4      | 4793 ||| DROPPING scroll of vulnerability.
  4794 | D:4      | 4794 ||| DROPPING potion of attraction.
  4795 | D:4      | 4795 ||| DROPPING potion of degeneration.
  4807 | D:5      | Entered Level 5 of the Dungeon
  4826 | D:5      | 4826 ||| STAIRDANCE
  4839 | D:5      | 4839 ||| STAIRDANCE
  4883 | D:5      | 4883 ||| STAIRDANCE
  4897 | D:5      | 4897 ||| STAIRDANCE
  4911 | D:5      | 4911 ||| STAIRDANCE
  4917 | D:4      | Reached skill level 10 in Axes
  5017 | D:4      | 5017 ||| DROPPING +0 whip.
  5021 | D:5      | 5021 ||| STAIRDANCE
  5026 | D:5      | 5026 ||| STAIRDANCE
  5050 | D:5      | 5050 ||| STAIRDANCE
  5057 | D:5      | 5057 ||| STAIRDANCE
  5063 | D:4      | Reached XP level 8. HP: 63/70 MP: 7/7
  5106 | D:5      | Reached skill level 6 in Fighting
  5325 | D:5      | 5325 ||| Stepping ~*~*~tactically~*~*~ (hiding).
  5359 | D:5      | Noticed Ijyb
  5360 | D:5      | 5360 ||| Stepping ~*~*~tactically~*~*~ (stealth).
  5362 | D:5      | 5362 ||| Stepping ~*~*~tactically~*~*~ (hiding).
  5377 | D:5      | Killed Ijyb
  5413 | D:5      | Found an ornate altar of the Wu Jian Council.
  5424 | D:5      | Reached skill level 11 in Axes
  5440 | D:5      | 5440 ||| Stepping ~*~*~tactically~*~*~ (stealth).
  5532 | D:5      | Noticed Grinder
  5533 | D:5      | 5533 ||| Stepping ~*~*~tactically~*~*~ (stealth).
  5540 | D:5      | Killed Grinder
  5679 | D:5      | 5679 ||| Stepping ~*~*~tactically~*~*~ (hiding).
  5762 | D:5      | 5762 ||| DROPPING +0 flail.
  5776 | D:5      | 5776 ||| Stepping ~*~*~tactically~*~*~ (stealth).
  5781 | D:5      | Reached skill level 12 in Axes
  5994 | D:5      | 5994 ||| READING scroll labelled NEW TEBANUCY.
  6095 | D:5      | 6095 ||| DRINKING 2 red potions.
  6214 | D:6      | 6214 ||| Stepping ~*~*~tactically~*~*~ (stealth).
  6217 | D:6      | Reached XP level 9. HP: 79/79 MP: 8/8
  6218 | D:6      | 6218 ||| Stepping ~*~*~tactically~*~*~ (stealth).
  6219 | D:6      | 6219 ||| Stepping ~*~*~tactically~*~*~ (stealth).
  6226 | D:6      | Reached skill level 3 in Dodging
  6375 | D:6      | Found Nuowanak's Jewellery Shop.
  6415 | D:6      | 6415 ||| SHOPLISTING +4 ring of protection (468 gold, have
                  | 308).
  6415 | D:6      | 6415 ||| SHOPLISTING +6 ring of dexterity (468 gold, have
                  | 308).
  6415 | D:6      | 6415 ||| SHOPLISTING +6 ring of strength (468 gold, have
                  | 308).
  6415 | D:6      | 6415 ||| SHOPLISTING amulet "Waquphyi" {Reflect SH+5
                  | Stlth+} (517 gold, have 308).
  6415 | D:6      | 6415 ||| SHOPLISTING amulet of reflection (390 gold, have
                  | 308).
  6440 | D:6      | 6440 ||| Stepping ~*~*~tactically~*~*~ (stealth).
  6558 | D:6      | Reached skill level 13 in Axes
  6588 | D:6      | 6588 ||| INVOKING Sacrifice Artifice.
  6588 | D:6      | Gained mutation: You cannot study or use magical devices.
                  | [Ru sacrifice]
  6588 | D:6      | Reached * piety under Ru
  6588 | D:6      | Reached ** piety under Ru
  6698 | D:6      | 6698 ||| READING scroll labelled UDDUOLIMEA.
  6699 | D:6      | 6699 ||| READING 5 scrolls of identify.
  6699 | D:6      | 6699 ||| IDENTIFYING grey potion
  6700 | D:6      | 6700 ||| READING 4 scrolls of identify.
  6700 | D:6      | 6700 ||| IDENTIFYING fuming sapphire potion
  6701 | D:6      | 6701 ||| READING 3 scrolls of identify.
  6701 | D:6      | 6701 ||| IDENTIFYING bubbling green potion
  6702 | D:6      | 6702 ||| READING 2 scrolls of identify.
  6702 | D:6      | 6702 ||| IDENTIFYING viscous dark potion
  6703 | D:6      | 6703 ||| DROPPING potion of berserk rage.
  6704 | D:6      | 6704 ||| DROPPING potion of magic.
  6705 | D:6      | 6705 ||| DROPPING potion of brilliance.
  6741 | D:7      | 6741 ||| STAIRDANCE
  6764 | D:7      | 6764 ||| STAIRDANCE
  6884 | D:7      | Found a shadowy altar of Dithmenos.
  6922 | D:7      | 6922 ||| Stepping ~*~*~tactically~*~*~ (stealth).
  6924 | D:7      | 6924 ||| Stepping ~*~*~tactically~*~*~ (hiding).
  6925 | D:7      | 6925 ||| Stepping ~*~*~tactically~*~*~ (hiding).
  6926 | D:7      | 6926 ||| Stepping ~*~*~tactically~*~*~ (hiding).
  6928 | D:7      | 6928 ||| Stepping ~*~*~tactically~*~*~ (hiding).
  7271 | D:7      | 7271 ||| UPGRADING to +2 pair of boots.
  7276 | D:7      | 7276 ||| READING scroll labelled QIESUZ IPEYH.
  7394 | D:8      | Identified the +2 robe of the Accordion {+Inv rPois}
  7427 | D:8      | 7427 ||| Stepping ~*~*~tactically~*~*~ (hiding).
  7484 | D:8      | 7484 ||| FLEEEEING.
  7493 | D:8      | Reached skill level 14 in Axes
  7499 | D:8      | Reached XP level 10. HP: 27/88 MP: 9/9
  7501 | D:8      | HP: 20/88 [gnoll/+0 spear[a gnoll bouda] (8)]
  7502 | D:8      | 7502 ||| READING 4 scrolls of teleportation.
  7503 | D:8      | 7503 ||| DRINKING potion of heal wounds.
  7854 | D:8      | Found a staircase to the Lair.
  7953 | D:8      | 7953 ||| READING 2 scrolls labelled BOQUGI LOJAKHLI.
  7954 | D:8      | 7954 ||| DROPPING scroll of butterflies.
  8010 | D:9      | Noticed a two-headed ogre
  8023 | D:9      | Killed a two-headed ogre
  8024 | D:9      | Reached skill level 15 in Axes
  8292 | D:9      | Noticed a skeletal warrior
  8294 | D:9      | Noticed a skeletal warrior
  8302 | D:9      | Noticed a skeletal warrior
  8304 | D:9      | HP: 22/90 [skeletal warrior/+0 battleaxe of flaming (2)]
  8305 | D:9      | 8305 ||| READING 3 scrolls of teleportation.
  8589 | D:9      | 8589 ||| Stepping ~*~*~tactically~*~*~ (hiding).
  8619 | D:9      | 8619 ||| Stepping ~*~*~tactically~*~*~ (hiding).
  8625 | D:9      | Reached skill level 9 in Fighting
  8752 | D:9      | 8752 ||| Stepping ~*~*~tactically~*~*~ (hiding).
  8900 | D:9      | 8900 ||| Stepping ~*~*~tactically~*~*~ (stealth).
  8914 | D:9      | 8914 ||| Stepping ~*~*~tactically~*~*~ (stealth).
  8916 | D:9      | Killed a skeletal warrior
  8917 | D:9      | Reached skill level 6 in Armour
  8926 | D:9      | HP: 16/91 [skeletal warrior/+0 flail (16)]
  8927 | D:9      | 8927 ||| READING 2 scrolls of teleportation.
  8928 | D:9      | Slain by a skeletal warrior

Levels and vault maps discovered:
D:1:      saegor_arrival_miasma, layout_loops_corners,
          hellmonk_ecumenical_altar_slurped_away
D:2:      minmay_diamond_boxcup, layout_basic, serial_shops, shop
D:3:      layout_basic, uniq_crazy_yiuf_cottage
D:4:      layout_basic, nicolae_ru_sacrificial_ziggurat,
          gammafunk_temple_overflow_elements, minmay_temple_entry_slanted,
          uniq_natasha, uniq_duvessa, uniq_edmund, uniq_menkaure
D:5:      layout_loops_ring, mainiacjoe_overflow_six_doors_small, serial_glass,
          glass_columns_a, glass_columns_b, feat_on_display,
          kennysheep_generic_room_6, uniq_grinder, uniq_ijyb
D:6:      layout_rooms, minmay_shop_enchanted_jewellery
D:7:      layout_rooms, mainiacjoe_overflow_brackets, grunt_ministairs_14
D:8:      layout_cave_pools, lair_entry_dummy
D:9:      layout_roguey, general_overflow_altar, orc_0_dummy
Temple:   dshaligram_water_room_temple

Skill      XL: |  1  2  3  4  5  6  7  8  9 10 |
---------------+-------------------------------+-----
Axes           | 3 4 5 6 8 9 10 12 14 15 | 15.3
Dodging        | 1 2 3 |  3.0
Fighting       | 4 5 7 8 9 |  9.0
Shields        | 4 5 |  5.2
Armour         | 4 6 |  6.2

Action                   |  1- 3 |  4- 6 |  7- 9 | 10-12 || total
-------------------------+-------+-------+-------+-------++-------
Melee: War axe           |    89 |    98 |   193 |    80 ||   460
       Headbutt          |     6 |    11 |    36 |    21 ||    74
Throw: Boomerang         |       |     1 |       |       ||     1
Invok: Sacrifice Artific |       |       |     1 |       ||     1
  Use: Scroll            |     2 |     4 |    10 |     4 ||    20
       Potion            |       |     2 |     3 |     1 ||     6
Armor: Scale mail        |    33 |    33 |    65 |    13 ||   144
Dodge: Dodged            |    55 |    30 |    67 |    21 ||   173
Block: Buckler           |    11 |    19 |    44 |    13 ||    87

Table legend:
 A = Non-vault XP
 B = Vault XP
 C = Vault XP percentage of total XP
 D = Non-vault monster count
 E = Vault monster count
 F = Vault count percentage of total count
                 A         B        C        D         E       F
            +---------+---------+-------+---------+---------+-------
      Total |    7067 |    1244 |  15.0 |     168 |      26 |  13.4
            +---------+---------+-------+---------+---------+-------
        D:1 |      26 |       2 |   7.1 |      14 |       1 |   6.7
        D:2 |      61 |      29 |  32.2 |      21 |      10 |  32.3
        D:3 |     107 |       0 |   0.0 |      21 |       0 |   0.0
        D:4 |     614 |     583 |  48.7 |      31 |       5 |  13.9
        D:5 |     681 |     505 |  42.6 |      18 |       5 |  21.7
        D:6 |     989 |       0 |   0.0 |      20 |       0 |   0.0
        D:7 |     348 |     125 |  26.4 |      12 |       5 |  29.4
        D:8 |    1582 |       0 |   0.0 |      14 |       0 |   0.0
        D:9 |    2659 |       0 |   0.0 |      17 |       0 |   0.0
            +---------+---------+-------+---------+---------+-------
